 Dungeon Crawl Stone Soup version 0.29.1-1-gd02db6906a (webtiles) character file.

Game seed: 5646316752653807850

2001 safid the Skirmisher (level 9, -6/69 HPs)
             Began as a Minotaur Hunter on Oct 14, 2022.
             Mangled by Duvessa
             ... wielding a +0 short sword
              (11 damage)
             ... on level 6 of the Dungeon.
             The game lasted 00:08:17 (7157 turns).

safid the Skirmisher (Minotaur Hunter)              Turns: 7157, Time: 00:08:18

Health: -6/69      AC:  5    Str: 15    XL:     9   Next: 2%
Magic:  8/8        EV: 12    Int:  6    God:
Gold:   285        SH:  0    Dex: 19    Spells: 8/8 levels left

rFire   . . .      SeeInvis .   a - +0 shortbow
rCold   . . .      Faith    .   (shield currently unavailable)
rNeg    . . .      Spirit   .   c - +0 leather armour
rPois   .          Reflect  .   (helmet restricted)
rElec   .          Harm     .   h - +0 cloak
rCorr   .          Rampage  .   o - +0 pair of gloves
Will    .....                   (no boots)
Stlth   ++........              (no amulet)
HPRegen 0.21/turn               (no ring)
MPRegen 0.11/turn               (no ring)

@: hasted, very quick
A: horns 2, retaliatory headbutt
a: no special abilities


You were on level 6 of the Dungeon.
You visited 2 branches of the dungeon, and saw 7 of its levels.

You collected 285 gold pieces.

Inventory:

Hand Weapons
 a - a +0 shortbow (weapon)
Missiles
 e - a throwing net
Armour
 c - a +0 leather armour (worn)
 h - a +0 cloak (worn)
 o - a +0 pair of gloves (worn)
Wands
 m - a wand of polymorph (10)
 p - a wand of roots (5)
Scrolls
 b - 2 scrolls of immolation
 d - 2 scrolls of magic mapping {unknown}
 g - 8 scrolls of identify {unknown}
 i - a scroll of noise {unknown}
 k - 2 scrolls of teleportation {unknown}
 l - a scroll of poison {unknown}
 q - 2 scrolls of torment {unknown}
 r - 2 scrolls of vulnerability {unknown}
 u - a scroll of enchant weapon {unknown}
Potions
 f - 2 potions of haste
 j - 3 potions of brilliance {unknown}
 n - a potion of lignification {unknown}
 s - 2 potions of flight {unknown}
 t - a potion of heal wounds {unknown}


   Skills:
 - Level 3.0 Fighting
 + Level 13.3 Ranged Weapons
 - Level 2.1 Dodging
 - Level 0.7 Stealth


You had 8 spell levels left.
You didn't know any spells.
Your spell library contained the following spells:

 Spells                   Type           Power      Damage    Failure   Level
 Conjure Flame            Conj/Fire      0%         6-21      88%         3
 Ignite Poison            Fire/Tmut/Pois 0%         N/A       88%         3
 Mephitic Cloud           Conj/Pois/Air  0%         N/A       88%         3
 Sticky Flame             Conj/Fire      0%         2d3       99%         4
 Summon Lightning Spire   Summ/Air       0%         N/A       99%         4
 Freezing Cloud           Conj/Ice/Air   0%         6-21      100%        5
 Storm Form               Tmut/Air       0%         N/A       100%        7
 Maxwell's Capacitive Co  Air            0%         ∞         100%        8


Dungeon Overview and Level Annotations

Branches:
Dungeon (6/15)             Temple (1/1) D:5

Altars:
Cheibriados
Dithmenos
Elyvilon
Fedhas
Kikubaaqudgha
Makhleb
Nemelex Xobeh
Ru
Sif Muna
Trog
Uskayaw
Wu Jian
Zin
The Shining One

Shops:
D:1 =[((:

Annotations:
D:6 Duvessa


Innate Abilities, Weirdness & Mutations

You have a pair of horns on your head.
You reflexively headbutt those who attack you in melee.


Message History

No target in view!
No target in view!
Found a scale mail.
You pick up a book of the Sky and begin reading...
You add the spells Summon Lightning Spire, Storm Form and Maxwell's Capacitive Coupling to your library.
Dowan, Brother of Duvessa comes into view.
He is wielding a +1 dagger of speed and carrying a wand of flame (18).
Dowan is nearby!
You shoot an arrow. The arrow hits Dowan.
Dowan shouts!
Dowan is lightly wounded.
You shoot an arrow. The arrow hits Dowan!
Dowan is heavily wounded.
You shoot an arrow. The arrow barely misses Dowan.
Dowan zaps a wand.
The puff of flame hits you.
Duvessa, Sister of Dowan comes into view.
She is wielding a +0 short sword and wearing a +3 leather armour of willpower.
You shoot an arrow. The arrow hits Dowan!
Dowan is almost dead.
Dowan gestures at you while chanting. The puff of frost hits you.
You shoot an arrow. The arrow barely misses Dowan.
Duvessa drinks a potion.
Duvessa flickers and vanishes!
Deactivating autopickup; reactivate with Ctrl-A.
You shoot an arrow. The arrow hits Dowan.
You kill Dowan!
Something screams in a voice full of rage, "No, no!"
You have reached level 9!
Your experience leads to an increase in your attributes!
Increase (S)trength, (I)ntelligence, or (D)exterity?
You feel agile. x2
Something hits you. x2
Something hits you! Something hits you! Something hits you! x2
* * * LOW HITPOINT WARNING * * *
Unknown command.
It was a potion of haste.
You feel yourself speed up. Something hits you!
* * * LOW HITPOINT WARNING * * *
Unknown command.
Something hits you!
You die...

...#....###..........## ......).#
#.........## ....#.....#
##.......## ...#......# #.#....##
..#......# ##.###.## #.......#
#.## ### ##.......###.# #
#........##..#
######..........@##
..##..............##
......######.).....## .. ....###
##.....##..## ... ...).#
###.......###.### ... .....#
#............#..## #...
....####.............#..## #....
..#####..............##..####....
.## ##................###.##.....


There were no monsters in sight!

Vanquished Creatures
  Pikel (D:4)
  Sigmund (D:3)
  Menkaure (D:6)
  Edmund (D:4)
  2 ogres (D:4)
  A centaur (D:6)
  A lemure (D:4)
  A phantom (D:6)
  4 scorpions
  A necrophage (D:4)
  Dowan (D:6)
  4 hounds
  A jelly (D:6)
  Ijyb (D:3)
  Natasha (twice) (D:4)
  Terence (D:3)
  Robin (D:3)
  4 gnolls (D:3)
  9 adders
  2 worms (D:2)
  2 dart slugs (D:1)
  10 orcs
  8 ball pythons
  9 bats
  5 endoplasms
  3 giant cockroaches
  20 goblins
  13 hobgoblins
  13 jackals
  2 quokkas
  A frilled lizard (D:1)
  8 kobolds
  8 rats
142 creatures vanquished.

Notes
Turn   | Place    | Note
-------+----------+-------------------------------------------
     0 | D:1      | safid the Minotaur Hunter began the quest for the Orb.
     0 | D:1      | Reached XP level 1. HP: 18/18 MP: 0/0
   110 | D:1      | Found Niorey's Book Boutique.
   235 | D:1      | Reached XP level 2. HP: 25/25 MP: 1/1
   297 | D:1      | Reached skill level 5 in Ranged Weapons
   357 | D:1      | Found Qiczix's Weapon Emporium.
   372 | D:1      | Found Paaw's Jewellery Shop.
   418 | D:1      | Reached XP level 3. HP: 31/31 MP: 2/2
   440 | D:1      | Found Qyvvad's Antique Armour Emporium.
   717 | D:1      | Found Wiorcheizu's Weapon Boutique.
  1438 | D:2      | Reached skill level 6 in Ranged Weapons
  1438 | D:2      | Reached XP level 4. HP: 38/38 MP: 3/3
  1825 | D:2      | Found a faded altar of an unknown god.
  2084 | D:3      | Noticed Ijyb
  2144 | D:3      | Killed Ijyb
  2145 | D:3      | Reached XP level 5. HP: 44/45 MP: 4/4
  2207 | D:3      | Reached skill level 7 in Ranged Weapons
  2260 | D:3      | Noticed Robin
  2266 | D:3      | Killed Robin
  2338 | D:3      | Noticed Sigmund
  2359 | D:3      | Killed Sigmund
  2360 | D:3      | Reached skill level 8 in Ranged Weapons
  2360 | D:3      | Reached XP level 6. HP: 21/51 MP: 5/5
  2668 | D:3      | Found a shimmering blue altar of Sif Muna.
  2833 | D:3      | Noticed Terence
  2852 | D:3      | Killed Terence
  3293 | D:4      | Reached skill level 9 in Ranged Weapons
  3463 | D:4      | Reached XP level 7. HP: 55/57 MP: 6/6
  3522 | D:4      | Noticed Edmund
  3542 | D:4      | Killed Edmund
  3973 | D:4      | Reached skill level 10 in Ranged Weapons
  4233 | D:4      | Found a sacrificial altar of Ru.
  4242 | D:4      | Noticed Pikel
  4254 | D:4      | HP: 1/57 [lemure[Pikel] (4)]
  4255 | D:4      | Killed Pikel
  4256 | D:4      | Reached skill level 11 in Ranged Weapons
  4256 | D:4      | Reached XP level 8. HP: 1/63 MP: 7/7
  4624 | D:4      | Noticed Natasha
  4631 | D:4      | Killed Natasha
  4648 | D:4      | Noticed Natasha
  4654 | D:4      | Killed Natasha
  5478 | D:5      | Entered Level 5 of the Dungeon
  5560 | D:5      | Reached skill level 12 in Ranged Weapons
  5833 | D:5      | Found a staircase to the Ecumenical Temple.
  5930 | Temple   | Entered the Ecumenical Temple
  6737 | D:6      | Noticed Menkaure
  6742 | D:6      | Killed Menkaure
  6811 | D:6      | Reached skill level 13 in Ranged Weapons
  7141 | D:6      | Noticed Dowan
  7144 | D:6      | Noticed Duvessa
  7147 | D:6      | Killed Dowan
  7148 | D:6      | Reached XP level 9. HP: 58/69 MP: 8/8
  7157 | D:6      | Mangled by Duvessa

Illustrated notes

Levels and vault maps discovered:
D:1:      dpeg_cavernosity, layout_basic, serial_shops, shop,
          nicolae_shop_bloodbath_and_beyond,
          nicolae_shop_temple_entry_statues_fountains, shop, shop,
          amethyst_killhole, minmay_tromino_i2
D:2:      layout_basic, ebering_ecumenical_altar_mist
D:3:      layout_basic, lemuel_round_altar, uniq_robin, uniq_terence, uniq_ijyb,
          uniq_sigmund
D:4:      layout_layer_cave, mainiacjoe_overflow_alcove_1, uniq_edmund,
          uniq_natasha, uniq_pikel
D:5:      layout_gridville, lemuel_temple_firewalk_b
D:6:      layout_cave_pods, xom_teletrap_fun, gammafunk_ghost_grave,
          uniq_menkaure, uniq_duvessa
Temple:   minmay_temple_bridge_abc

Skill      XL: |  1  2  3  4  5  6  7  8 |
---------------+-------------------------+-----
Fighting       | 3 |  3.0
Ranged Weapons | 5 6 8 9 11 13 | 13.3
Dodging        | |  2.1
Stealth        | |  0.7

Action                   |  1- 3 |  4- 6 |  7- 9 || total
-------------------------+-------+-------+-------++-------
Melee: Unarmed           |       |     1 |       ||     1
 Fire: Shortbow          |   114 |   201 |   228 ||   543
  Use: Potion            |       |     1 |     1 ||     2
Armor: Leather armour    |    20 |    18 |    21 ||    59
       Skin              |       |     1 |       ||     1
Dodge: Dodged            |    57 |    60 |    64 ||   181
